 Dungeon Crawl Stone Soup version 0.23.2-40-g277498a001 (webtiles) character file.

Game seed: 7386881329303473660

11538 Descartes the Zephyrmancer (level 11, -3/64 HPs)
             Began as a Tengu Air Elementalist on Aug 30, 2019.
             Was a Priest of Dithmenos.
             Slain by an ice devil (6 damage)
             ... summoned by an orc sorcerer
             ... while paralysed by an orc sorcerer
             ... on level 2 of the Orcish Mines.
             The game lasted 00:53:19 (16311 turns).

Descartes the Zephyrmancer (TeAE)                  Turns: 16311, Time: 00:53:20

Health: -3/64      AC:  4    Str:  9    XL:     11   Next: 79%
Magic:  16/20      EV:  2    Int: 17    God:    Dithmenos [***...]
Gold:   958        SH:  0    Dex: 18    Spells: 4/21 levels left

rFire    + . .     SeeInvis +   w - +10 zealot's sword {holy, *Rage rN+ EV+3}
rCold    + . .     Gourm    +   p - +0 shield
rNeg     + . .     Faith    .   u - +1 leather armour {rC+}
rPois    .         Spirit   .   (helmet restricted)
rElec    .         Reflect  .   (no cloak)
rCorr    .         Harm     .   (no gloves)
MR       +....     Rnd*Rage +   (boots unavailable)
Stlth    +++++.....             E - amulet of the gourmand
HPRegen  0.20/turn              I - ring of see invisible
MPRegen  0.17/turn              j - ring of fire

@: paralysed, flying quickly and evasively, very slightly contaminated, wreathed
by umbra, quick
A: beak, claws 1, talons 3, agile 1, cold resistance 1, magic resistance 1,
MP-powered wands, able to fly
a: Stop Flying, Shadow Step, Renounce Religion


You were on level 2 of the Orcish Mines.
You worshipped Dithmenos.
Dithmenos was most pleased with you.
You were completely stuffed.

You visited 3 branches of the dungeon, and saw 13 of its levels.

You collected 958 gold pieces.

Inventory:

Hand Weapons
 w - the +10 zealot's sword (weapon) {holy, *Rage rN+ EV+3}
   (You found it on level 5 of the Dungeon)

   It has been blessed by the Shining One to cause great damage to the undead
   and demons.
   It affects your evasion (+3).
   It protects you from negative energy.
   It may make you go berserk in combat.
 B - a +2 dagger of venom
 D - a +2 dagger of draining
 L - the +5 quarterstaff "Nirag" {speed, Int+3 Dex+10}
   (You found it on level 7 of the Dungeon)

   Attacks with this weapon are significantly faster.
   It affects your intelligence (+3).
   It affects your dexterity (+10).
 O - the +8 hand axe of the Hall of Blades {drain, MP+9 Dex+3}
   (You found it on level 9 of the Dungeon)

   A truly terrible weapon, it drains the life of those it strikes.
   It affects your dexterity (+3).
   It affects your magic capacity (+9).
 P - a +0 great sword
Missiles
 a - 3 javelins (quivered)
 d - 215 arrows
 n - 25 poisoned needles
 z - 166 stones
 F - 21 tomahawks
 J - a throwing net
Armour
 p - a +0 shield (worn)
 u - a +1 leather armour of cold resistance (worn)
 y - a +0 leather armour
 C - a +2 robe of the Archmagi
Jewellery
 h - an uncursed ring of protection from cold
 j - a ring of fire (right claw)
 r - an uncursed ring of protection from cold
 x - a +3 ring of strength
 E - an amulet of the gourmand (around neck)
 H - an uncursed ring of protection from cold
 I - a ring of see invisible (left claw)
Wands
 s - a wand of polymorph (1)
 A - a wand of digging (4)
 R - a wand of acid (8)
 S - a wand of enslavement (6)
 T - a wand of flame (23)
Scrolls
 b - 5 scrolls of magic mapping
 e - a scroll of enchant armour {unknown}
 i - 3 scrolls of enchant weapon {unknown}
 m - 7 scrolls of teleportation {unknown}
 o - 2 scrolls of remove curse {unknown}
 q - 2 scrolls of immolation {unknown}
 v - a scroll of random uselessness {unknown}
 G - a scroll of fear {unknown}
 N - 2 scrolls of noise {unknown}
Potions
 f - 4 potions of curing
 g - a potion of ambrosia
 k - a potion of resistance
 l - 4 potions of heal wounds
 t - 2 potions of haste
 K - a potion of magic
 M - a potion of might {unknown}
 Q - a potion of mutation
Miscellaneous
 U - a phial of floods
Comestibles
 c - 13 rations
 V - 4 chunks of flesh


   Skills:
 + Level 5.2 Fighting
 + Level 5.6 Long Blades
 + Level 6.3 Armour
 + Level 6.8 Dodging
 + Level 6.8 Stealth
 * Level 8.3 Shields
 + Level 5.7 Spellcasting
 + Level 7.9 Conjurations
 + Level 9.0 Air Magic


You had 4 spell levels left.
You knew the following spells:

 Your Spells              Type           Power        Failure   Level  Hunger
a - Shock                 Conj/Air       ####         1%          1    None
b - Static Discharge      Conj/Air       ####....     3%          3    ##.....
c - Swiftness             Chrm/Air       ###.....     10%         2    #......
d - Airstrike             Air            #####.....   10%         4    ####...
e - Invisibility          Hex            #.......     100%        6    #######
f - Apportation           Tloc           #.....       38%         1    None

Your spell library contained the following spells:

 Spells                   Type           Power        Failure   Level  Hunger
 Dazzling Spray           Conj/Hex       ###...       24%         3    ##.....
 Corona                   Hex            #......      38%         1    None
 Summon Butterflies       Summ           #.......     38%         1    None
 Ensorcelled Hibernation  Hex/Ice        #.....       52%         2    #......
 Confuse                  Hex            #.......     77%         3    ##.....
 Lesser Beckoning         Tloc           #.........   77%         3    ##.....
 Tukima's Dance           Hex            #.......     77%         3    ##.....
 Lightning Bolt           Conj/Air       ####......   34%         5    ######.
 Alistair's Intoxication  Tmut/Pois      #.......     100%        5    ######.


Dungeon Overview and Level Annotations

Branches:
Dungeon (10/15)            Temple (1/1) D:6            Lair (0/6) D:9
    Orc (2/2) D:9             Elf (0/3) Orc:2

Altars:
Ashenzari
Cheibriados
Dithmenos
Elyvilon
Fedhas
Gozag
Hepliaklqana
Kikubaaqudgha
Makhleb
Nemelex Xobeh
Okawaru
Qazlal
Ru
Sif Muna
Trog
Uskayaw
Vehumet
Wu Jian
Xom
Yredelemnul
Zin
The Shining One

Shops:
D:4 *


Innate Abilities, Weirdness & Mutations

You have a beak for a mouth.
You have claws for feet.
You can fly continuously.
You have sharp fingernails.
You are agile. (Dex +2)
Your flesh is cold resistant. (rC+)
You are resistant to hostile enchantments. (MR+)
You expend magic power (3 MP) to strengthen your wands.


Message History

Dithmenos accepts your kill.
Your Air Magic skill increases to level 9!
The orc sorcerer points at you and mumbles some strange words.
You suddenly lose the ability to move!
The ice devil hits you. The ice devil freezes you! You resist.
The orc sorcerer hits you with a +0 dagger.
The orc warrior throws a tomahawk.
The tomahawk hits you! The ice devil hits you! The ice devil freezes you.
You resist.
* * * LOW HITPOINT WARNING * * *
The orc sorcerer hits you but does no damage.
The orc warrior throws a tomahawk.
The tomahawk hits you!
* * * LOW HITPOINT WARNING * * *
The ice devil hits you but does no damage.
The orc warrior throws a tomahawk.
The tomahawk barely misses you.
The orc sorcerer hits you with a +0 dagger.
* * * LOW HITPOINT WARNING * * *
The ice devil hits you.
* * * LOW HITPOINT WARNING * * *
The ice devil freezes you. You resist.
You die...

.....................###.........
.).....................##........
.................................
.)..........................#...#
.......................#.######.#
)......................### #..##
#)......................# #.##
..)..............######## ###
...............4@# ######
...............o)# ##..o.#
...............o.# ##..##..)..#
.................# #o.## .o...
.................###o## #o#.
..)..............##..# #
.................##.##
.................##.#
.................##.#


You could see an ice devil, an orc sorcerer and an orc warrior.

Vanquished Creatures
  Harold (D:7)
  2 two-headed ogres
  2 orc knights (Orc:2)
  3 orc sorcerers (Orc:2)
  2 cyclopes (Orc:1)
  Joseph (D:7)
  Sigmund (D:3)
  A vampire (D:8)
  3 yaks (D:9)
  A wyvern (D:8)
  3 basilisks (D:9)
  Menkaure (D:4)
  2 water moccasins
  2 wargs (Orc:2)
  3 porcupines (D:9)
  2 ice beasts
  8 orc warriors
  A phantom (D:5)
  A sky beast (D:2)
  4 black bears (D:9)
  3 ogres
  A wolf (D:9)
  2 centaurs
  A big kobold (D:9)
  3 bullfrogs
  A wyvern zombie (D:6)
  2 scorpions
  A howler monkey (D:4)
  3 killer bees (D:10)
  A crimson imp (D:4)
  A quasit (D:10)
  A bullfrog zombie (D:8)
  19 orc wizards
  3 jellies
  9 orc priests
  6 hounds
  2 bullfrog skeletons
  Ijyb (D:2)
  3 centaur skeletons
  3 iguanas
  Terence (D:3)
  7 worker ants
  A killer bee zombie (D:8)
  A hound zombie (D:9)
  Robin (D:2)
  2 worker ant zombies
  3 adders
  A shadow imp (D:5)
  An adder zombie (D:4)
  A worm (D:2)
  A dart slug (D:1)
  6 leopard geckos
  58 orcs
  2 ball pythons
  8 giant cockroaches
  17 goblins
  5 hobgoblins
  11 jackals
  3 quokkas
  7 bats
  8 frilled lizards
  A giant cockroach zombie (D:6)
  A jackal skeleton (D:4)
  7 kobolds
  4 rats
268 creatures vanquished.

Vanquished Creatures (others)
  A fungus (D:9)
1 creature vanquished.

Grand Total: 269 creatures vanquished

Notes
Turn   | Place    | Note
-------+----------+-------------------------------------------
     0 | D:1      | Descartes the Tengu Air Elementalist began the quest for
                  | the Orb.
     0 | D:1      | Reached XP level 1. HP: 10/10 MP: 4/4
   341 | D:1      | Reached XP level 2. HP: 15/15 MP: 1/6
   543 | D:1      | Reached skill level 1 in Armour
   877 | D:2      | Reached XP level 3. HP: 19/19 MP: 1/7
  1533 | D:2      | Noticed Robin
  1567 | D:2      | Killed Robin
  1817 | D:2      | Learned a level 3 spell: Static Discharge
  1820 | D:2      | Learned a level 2 spell: Swiftness
  1926 | D:3      | Reached XP level 4. HP: 24/24 MP: 2/8
  1927 | D:3      | Noticed Ijyb
  2058 | D:3      | Reached skill level 1 in Shields
  2324 | D:3      | Noticed a sky beast
  2489 | D:2      | Killed Ijyb
  2916 | D:3      | Noticed Sigmund
  2978 | D:4      | Found an opulent altar of Gozag.
  2982 | D:4      | Found Gozag's Platinum Reserve.
  2995 | D:4      | Noticed Menkaure
  3004 | D:4      | Killed Menkaure
  3004 | D:4      | Gained mutation: You can fly continuously. [Tengu growth]
  3004 | D:4      | Reached XP level 5. HP: 28/28 MP: 3/9
  3007 | D:4      | Reached XP level 6. HP: 32/32 MP: 1/11
  3103 | D:4      | Learned a level 4 spell: Airstrike
  3194 | D:4      | Found a snail-covered altar of Cheibriados.
  3435 | D:4      | Found an iron altar of Okawaru.
  3495 | D:4      | Reached skill level 5 in Air Magic
  3557 | D:4      | Found a sparkling altar of Nemelex Xobeh.
  4429 | D:3      | Killed Sigmund
  4429 | D:3      | Reached XP level 7. HP: 13/36 MP: 0/12
  4853 | D:3      | Noticed Terence
  4958 | D:3      | Killed Terence
  5396 | D:5      | Entered Level 5 of the Dungeon
  5610 | D:5      | Found the +10 zealot's sword {holy, *Rage rN+ EV+3}
  6341 | D:5      | Reached skill level 1 in Long Blades
  6341 | D:5      | Reached XP level 8. HP: 41/42 MP: 0/13
  6502 | D:5      | Reached skill level 1 in Fighting
  6683 | D:5      | Reached skill level 6 in Air Magic
  7366 | D:5      | Found a stormy altar of Qazlal.
  7846 | D:6      | Found a staircase to the Ecumenical Temple.
  7855 | Temple   | Entered the Ecumenical Temple
  7914 | Temple   | Became a worshipper of Dithmenos the Shadowed
  8732 | D:7      | Noticed Harold
  8760 | D:7      | Killed Harold
  8760 | D:7      | Reached skill level 5 in Shields
  8760 | D:7      | Reached skill level 5 in Conjurations
  8760 | D:7      | Reached XP level 9. HP: 49/49 MP: 7/16
  8893 | D:7      | Got an iridescent quarterstaff
  8895 | D:7      | Gained mutation: You occasionally shout uncontrollably at
                  | your foes. [potion of mutation]
  8895 | D:7      | Gained mutation: You have a pair of small antennae on your
                  | head. [potion of mutation]
  8895 | D:7      | Gained mutation: Your flesh is cold resistant. (rC+)
                  | [potion of mutation]
  8895 | D:7      | Gained mutation: Your flesh is very cold resistant. (rC++)
                  | [potion of mutation]
  8896 | D:7      | Lost mutation: You have a pair of small antennae on your
                  | head. [potion of mutation]
  8896 | D:7      | Lost mutation: Your flesh is very cold resistant. (rC++)
                  | [potion of mutation]
  8896 | D:7      | Lost mutation: You occasionally shout uncontrollably at
                  | your foes. [potion of mutation]
  8896 | D:7      | Gained mutation: You have sharp fingernails. [potion of
                  | mutation]
  8896 | D:7      | Gained mutation: You are resistant to hostile enchantments.
                  | (MR+) [potion of mutation]
  8896 | D:7      | Gained mutation: You expend magic power (3 MP) to
                  | strengthen your wands. [potion of mutation]
  8896 | D:7      | Gained mutation: You are agile. (Dex +2) [potion of
                  | mutation]
  8928 | D:7      | Noticed Joseph
  9165 | D:6      | Identified the +5 quarterstaff "Nirag" {speed, Int+3
                  | Dex+10} (You found it on level 7 of the Dungeon)
  9526 | D:7      | Killed Joseph
  9526 | D:7      | Reached skill level 5 in Dodging
  9526 | D:7      | Reached skill level 5 in Stealth
 10111 | D:8      | Reached skill level 7 in Air Magic
 10134 | D:8      | Reached * piety under Dithmenos
 10247 | D:8      | Reached XP level 10. HP: 49/56 MP: 13/17
 10327 | D:8      | Found a basalt altar of Yredelemnul.
 10339 | D:8      | Noticed a two-headed ogre
 10354 | D:8      | Killed a two-headed ogre
 10354 | D:8      | Reached skill level 5 in Armour
 10372 | D:8      | Learned a level 6 spell: Invisibility
 10374 | D:8      | Learned a level 1 spell: Apportation
 10421 | D:8      | Found a hazy altar of Hepliaklqana.
 10495 | D:8      | Found a deep blue altar of Sif Muna.
 11097 | D:8      | Found a shimmering altar of Xom.
 11098 | D:8      | Found a radiant altar of Vehumet.
 11100 | D:8      | Found a shattered altar of Ashenzari.
 11173 | D:9      | Got a fine hand axe
 11212 | D:9      | Identified the +8 hand axe of the Hall of Blades {drain,
                  | MP+9 Dex+3} (You found it on level 9 of the Dungeon)
 11844 | D:9      | Found a staircase to the Orcish Mines.
 11885 | D:9      | Reached ** piety under Dithmenos
 11885 | D:9      | Reached skill level 5 in Spellcasting
 12005 | D:9      | Reached skill level 8 in Air Magic
 12374 | D:9      | Reached XP level 11. HP: 5/62 MP: 14/19
 12918 | D:9      | Found a staircase to the Lair.
 12943 | D:9      | Noticed a two-headed ogre
 12952 | D:9      | Killed a two-headed ogre
 13051 | D:10     | Entered Level 10 of the Dungeon
 13068 | D:10     | Reached skill level 5 in Long Blades
 13265 | Orc:1    | Entered Level 1 of the Orcish Mines
 13265 | Orc:1    | Noticed a cyclops
 13277 | Orc:1    | Killed a cyclops
 13402 | Orc:2    | Entered Level 2 of the Orcish Mines
 13415 | Orc:2    | Noticed a cyclops
 13957 | Orc:1    | Killed a cyclops
 14129 | Orc:2    | Noticed an orc sorcerer
 14139 | Orc:2    | Killed an orc sorcerer
 14142 | Orc:2    | Reached *** piety under Dithmenos
 14339 | Orc:2    | Found a staircase to the Elven Halls.
 14342 | Orc:2    | Noticed an orc sorcerer
 14371 | Orc:2    | Killed an orc sorcerer
 14496 | Orc:2    | HP: 3/62 [orc warrior/tomahawk (13)]
 15125 | Orc:2    | Noticed an orc sorcerer
 15180 | Orc:2    | Killed an orc sorcerer
 15180 | Orc:2    | Reached skill level 5 in Fighting
 15346 | Orc:2    | Noticed an orc knight
 15765 | Orc:2    | Killed an orc knight
 16198 | Orc:2    | Noticed an orc sorcerer
 16199 | Orc:2    | Noticed an orc knight
 16298 | Orc:2    | Noticed an orc sorcerer
 16307 | Orc:2    | Killed an orc knight
 16307 | Orc:2    | Reached skill level 9 in Air Magic
 16307 | Orc:2    | Paralysed by an orc sorcerer for 6 turns
 16311 | Orc:2    | HP: 3/64 [ice devil[an orc sorcerer] (6)]
 16311 | Orc:2    | Slain by an ice devil

Skill      XL: |  1  2  3  4  5  6  7  8  9 10 11 |
---------------+----------------------------------+-----
Armour         | 1 2 3 4 5 6 |  6.3
Conjurations   | 2 3 4 5 7 |  7.9
Shields        | 2 3 5 6 7 8 |  8.3
Dodging        | 3 4 5 6 |  6.8
Stealth        | 3 4 5 6 |  6.8
Air Magic      | 5 6 7 8 9 |  9.0
Spellcasting   | 3 4 5 |  5.7
Long Blades    | 1 2 3 4 5 |  5.6
Fighting       | 2 3 4 5 |  5.2

Action                   |  1- 3 |  4- 6 |  7- 9 | 10-12 || total
-------------------------+-------+-------+-------+-------++-------
Melee: Short sword       |     1 |     5 |       |       ||     6
       Kick              |       |     4 |    25 |    69 ||    98
       Dagger            |       |    10 |    12 |       ||    22
       Peck              |       |     1 |    14 |    48 ||    63
       Eudemon blade     |       |       |    70 |   228 ||   298
 Cast: Shock             |    63 |   102 |   195 |   176 ||   536
       Swiftness         |       |     3 |       |    15 ||    18
       Static Discharge  |       |     3 |     7 |       ||    10
       Airstrike         |       |     1 |     4 |       ||     5
 Abil: Fly               |       |       |     1 |       ||     1
  Use: Scroll            |       |       |     7 |     1 ||     8
       Potion            |       |       |     2 |       ||     2
 Stab: Sleeping          |       |       |       |     2 ||     2
       Distracted        |       |       |       |     1 ||     1
  Eat: Chunk             |     4 |     2 |    31 |    19 ||    56
       Ration            |       |     2 |     2 |       ||     4
Armor: Robe              |     4 |     6 |     2 |       ||    12
       Leather armour    |       |       |     4 |    17 ||    21
Dodge: Dodged            |    12 |    35 |    76 |   169 ||   292
Block: Shield            |       |       |    27 |   128 ||   155
       Rpst.: Eudemon blade |       |       |    19 |    30 ||    49
